 Dungeon Crawl Stone Soup version 0.27-a0-668-gb5737ff2c0 (webtiles) character file.

Game seed: 9990398346223210710

52 srzhan31 the Vexing (level 3, 0/20 HPs)
             Began as a Deep Elf Arcane Marksman on Mar 18, 2021.
             Succumbed to an adder's poison
             ... on level 2 of the Dungeon.
             The game lasted 00:06:24 (1857 turns).

srzhan31 the Vexing (Deep Elf Arcane Marksman)      Turns: 1857, Time: 00:06:25

Health: 0/20       AC:  3    Str:  7    XL:     3   Next: 60%
Magic:  5/7        EV: 13    Int: 18    God:
Gold:   107        SH:  0    Dex: 15    Spells: 4/5 levels left

rFire    . . .     SeeInvis .   a - +0 shortbow
rCold    . . .     Faith    .   (shield currently unavailable)
rNeg     . . .     Spirit   .   e - +0 robe
rPois    .         Reflect  .   f - +0 helmet
rElec    .         Harm     .   (no cloak)
rCorr    .         Rampage  .   (no gloves)
Will     .....                  (no boots)
Stlth    ++........             (no amulet)
HPRegen  0.06/turn              (no ring)
MPRegen  0.10/turn              (no ring)

@: mighty, lethally poisoned (0 -> -6)
A: no striking features
a: no special abilities


You were on level 2 of the Dungeon.
You visited 1 branch of the dungeon, and saw 2 of its levels.

You collected 107 gold pieces.

Inventory:

Hand Weapons
 a - a +0 shortbow (weapon)
Armour
 e - a +0 robe (worn)
 f - a +0 helmet (worn)
Scrolls
 b - a scroll of blinking {unknown}
 g - 2 scrolls of identify {unknown}
 i - a scroll of teleportation {unknown}
Potions
 h - a potion of degeneration {unknown}


   Skills:
 * Level 1.0 Fighting
 * Level 3.8 Bows
 * Level 2.8 Dodging
 * Level 0.8 Stealth
 * Level 1.6 Spellcasting
 * Level 0.5 Conjurations
 * Level 4.7 Hexes
 * Level 0.1 Air Magic
 * Level 0.2 Poison Magic


You had 4 spell levels left.
You knew the following spells:

 Your Spells              Type           Power      Damage    Failure   Level
a - Corona                Hex            20%        N/A       2%          1

Your spell library contained the following spells:

 Spells                   Type           Power      Damage    Failure   Level
 Slow                     Hex            18%        N/A       4%          2
 Magic Dart               Conj           12%        1d3       16%         1
 Inner Flame              Hex/Fire       9%         N/A       22%         3
 Portal Projectile        Hex/Tloc       18%        N/A       22%         3
 Cause Fear               Hex            9%         N/A       26%         4
 Blink                    Tloc           N/A        N/A       28%         2
 Call Imp                 Summ           1%         N/A       28%         2
 Conjure Flame            Conj/Fire      2%         6-21      45%         3
 Mephitic Cloud           Conj/Pois/Air  2%         N/A       45%         3
 Leda's Liquefaction      Hex/Erth       4%         N/A       56%         4


Dungeon Overview and Level Annotations

Branches:
Dungeon (2/15)

Altars:


Message History

Press: ? - help, Shift-Dir - straight line, f/p - adder
Aim: an adder (severely wounded, chance to affect: 65%)
The adder is outlined in light.
The adder bites you.
You are poisoned.
The adder poisons you!
Fire: arrow
Press: ? - help, Q - select action, (/) - cycle Shift-Dir - straight line, f/p - adder
Aim: an adder (severely wounded, softly glowing, 59% to hit)
You shoot an arrow.
The arrow hits the adder but does no damage.
The adder is severely wounded.
You feel sick. The adder closely misses you. The adder misses you.
Unknown command.
It was a potion of might.
You feel very mighty all of a sudden. The adder barely misses you.
Unknown command.
You closely miss the adder.
The adder is severely wounded.
You feel sick. The adder completely misses you. The adder misses you.
You barely miss the adder.
The adder is severely wounded.
You feel sick. The adder misses you. The adder bites you.
* * * LOW HITPOINT WARNING * * *
You are more poisoned.
The adder poisons you!
You barely miss the adder.
The adder is severely wounded.
The adder misses you. The adder bites you.
* * * LOW HITPOINT WARNING * * *
You hit the adder!
You kill the adder!
* * * LOW HITPOINT WARNING * * *
You feel sick.
Your Fighting skill increases to level 1!
* * * LOW HITPOINT WARNING * * *
You feel sick.
Things that are here:
4 arrows; an adder corpse You die...

## #.##.....# .# #
#.#.#.....# .# # #.#
#.##.# ##.## ###.# #.#.#
##...##### ...##
##..###.(....... ....##
##...............
##.#.###.#..###.....###.
#.##.#.....# ##...##
#.###.###### #@### #.#
### #.# #.# #(# #.# #.#
#.# #.# #.# #.. ####


There were no monsters in sight!

Vanquished Creatures
  2 adders (D:2)
  2 dart slugs
  2 bats (D:2)
  3 giant cockroaches (D:1)
  4 goblins (D:1)
  A hobgoblin (D:2)
  6 kobolds (D:1)
  2 quokkas (D:1)
  4 frilled lizards (D:1)
  4 rats
30 creatures vanquished.

Notes
Turn   | Place    | Note
-------+----------+-------------------------------------------
     0 | D:1      | srzhan31 the Deep Elf Arcane Marksman began the quest for
                  | the Orb.
     0 | D:1      | Reached XP level 1. HP: 11/11 MP: 5/5
   183 | D:1      | Reached XP level 2. HP: 16/16 MP: 6/6
  1049 | D:2      | Reached XP level 3. HP: 15/20 MP: 7/7
  1855 | D:2      | Reached skill level 1 in Fighting
  1855 | D:2      | HP: 1/20 [poisoned by an adder]
  1857 | D:2      | Succumbed to an adder's poison

Illustrated notes

Levels and vault maps discovered:
D:1:      grunt_arrival_lava_bath, layout_loops_cross, hangedman_feature_mirror
D:2:      layout_loops_ring

Skill      XL: |  1  2  3 |
---------------+----------+-----
Bows           | 3 |  3.8
Fighting       | 1 |  1.0
Dodging        | |  2.8
Stealth        | |  0.8
Spellcasting   | |  1.6
Conjurations   | |  0.5
Hexes          | |  4.7
Air Magic      | |  0.1
Poison Magic   | |  0.2

Action                   || total
-------------------------++-------
Melee: Shortbow          ||    19
 Fire: Shortbow          ||   112
 Cast: Corona            ||     7
  Use: Potion            ||     1
Armor: Robe              ||    13
Dodge: Dodged            ||    74

Table legend: (Time is in decaauts)
 A = Elapsed time spent in this place.
 B = Non-inter-level travel time spent in this place.
 C = Inter-level travel time spent in this place.
 D = Time resting spent in this place.
 E = Time spent auto-exploring this place.
 F = Levels seen in this place.
 G = Mean time per level.
                   A        B        C        D        E       F      G
               +--------+--------+--------+--------+--------+-----+--------+
         Total |   1883 |   1800 |     83 |      0 |   1375 |   2 |  941.5 |
       Dungeon |   1883 |   1800 |     83 |      0 |   1375 |   2 |  941.5 |
               +--------+--------+--------+--------+--------+-----+--------+

Top non-repeatable levels by time:
     D:1: 1402 daAuts
     D:2: 481 daAuts
